 Dungeon Crawl Stone Soup version 0.25-a0-513-ge77a69270c (webtiles) character file.

Game seed: 16986387491005942202, levelgen mode: classic

8313 EnegeticOcto the Cleaver (level 11, -5/90 HPs)
             Began as a Deep Dwarf Fighter on Feb 16, 2020.
             Was a Believer of Makhleb.
             Slain by a tentacled starspawn (17 damage)
             ... on level 1 of the Abyss.
             The game lasted 00:05:09 (5406 turns).

EnegeticOcto the Cleaver (Deep Dwarf Fighter)       Turns: 5406, Time: 00:05:10

Health: -5/90      AC: 18    Str: 19    XL:     11   Next: 8%
Magic:  11/11      EV:  8    Int:  5    God:    Makhleb [**....]
Gold:   491        SH: 11    Dex:  8    Spells: 10/10 levels left

rFire    . . .     SeeInvis .   a - +1 war axe (elec)
rCold    . . .     Gourm    +   c - +1 kite shield
rNeg     . . .     Faith    .   t - +0 chain mail
rPois    +         Spirit   .   h - +2 helmet
rElec    .         Reflect  .   p - +2 cloak
rCorr    .         Harm     .   (no gloves)
MR       +....                  r - +0 pair of boots
Stlth    ..........             y - amulet of the gourmand
HPRegen  0.00/turn              m - +4 ring of slaying {=R}
MPRegen  0.12/turn              o - ring of poison resistance

@: non-regenerating
A: damage resistance, heal wounds, [clumsy 2], [dopey 2], [frail 1], sense
surroundings 2, [weak 2], no regeneration
a: Heal Wounds, Minor Destruction, Renounce Religion


You were on level 1 of the Abyss.
You worshipped Makhleb.
Makhleb was pleased with you.
You were full.

You visited 2 branches of the dungeon, and saw 11 of its levels.
You visited the Abyss 1 time.

You collected 491 gold pieces.

Inventory:

Hand Weapons
 a - a +1 war axe of electrocution (weapon)
Missiles
 b - 3 throwing nets (quivered)
Armour
 c - a +1 kite shield (worn)
 h - a +2 helmet (worn)
 p - a +2 cloak (worn)
 r - a +0 pair of boots (worn)
 t - a +0 chain mail (worn)
Jewellery
 m - a +4 ring of slaying (left hand) {=R}
 o - a ring of poison resistance (right hand)
 y - an amulet of the gourmand (around neck)
 B - an uncursed ring of protection from fire {unknown}
Wands
 f - a wand of flame (12)
 i - a wand of paralysis (7)
Scrolls
 g - a scroll of remove curse {@r6}
 v - 2 scrolls of immolation {@r4}
 z - a scroll of fog
 A - a scroll of enchant armour
 C - a scroll of holy word
 E - a scroll of teleportation {@r2}
Potions
 d - 2 potions of might {@q3}
 j - a potion of berserk rage
 k - 3 potions of curing {@q1}
 l - 2 potions of degeneration {unknown}
 n - 3 potions of cancellation
 q - 2 potions of brilliance
 s - 2 potions of heal wounds {unknown}
 u - a potion of magic {unknown}
 w - a potion of flight
 x - a potion of haste {@q4}
 D - a potion of agility {unknown}
Comestibles
 e - 19 rations


   Skills:
 * Level 7.5 Fighting
 * Level 10.2 Axes
 + Level 7.7 Armour
 + Level 6.9 Dodging
 + Level 7.8 Shields
 * Level 7.2 Invocations


You had 10 spell levels left.
You didn't know any spells.
Your spell library was empty.

Dungeon Overview and Level Annotations

Branches:
Dungeon (10/15)            Temple (1/1) D:7            Lair (0/6) D:10
    Orc: D:9-12

Altars:
Ashenzari
Cheibriados
Fedhas
Gozag
Hepliaklqana
Kikubaaqudgha
Makhleb
Nemelex Xobeh
Ru
Trog
Uskayaw
Vehumet
Yredelemnul
Zin

Shops:
D:5 =   D:9 [

Annotations:
D:10 Erolcha


Innate Abilities, Weirdness & Mutations

You are resistant to damage.
You can heal yourself by infusing magical energy.
You passively map the area around you.
You do not regenerate.
[You are very clumsy. (Dex -4)]
[You are very dopey. (Int -4)]
[You are frail. (-10% HP)]
[You are very weak. (Str -4)]


Message History

Your Invocations skill increases to level 7!
You have reached level 11!
An ancient zyme comes into view.
You feel yourself growing ill in the presence of the ancient zyme.
An ancient zyme is nearby!
Your chain mail prevents you from hitting the ancient zyme.
The ancient zyme barely misses you. You block the ancient zyme's attack.
You feel ill.
You hit the ancient zyme but do no damage.
You block the ancient zyme's attack.
The ancient zyme hits you but does no damage.
You hit the ancient zyme.
The ancient zyme is lightly damaged.
The ancient zyme hits you.
The ancient zyme hits you but does no damage.
You slash the ancient zyme!
The ancient zyme is moderately damaged.
You block the ancient zyme's attack. The ancient zyme hits you.
You slash the ancient zyme!
Lightning courses through the ancient zyme!
The ancient zyme is almost destroyed.
You block the ancient zyme's attack. The ancient zyme closely misses you.
A small abomination comes into view.
You barely miss the ancient zyme.
The ancient zyme is almost destroyed.
You block the ancient zyme's attack. The ancient zyme barely misses you.
You feel ill.
You slash the ancient zyme!
The ancient zyme is almost destroyed.
The ancient zyme hits you. You block the ancient zyme's attack.
You hit the ancient zyme.
You destroy the ancient zyme!
Makhleb accepts your kill.
You feel the corruption within you wane somewhat.
You feel robust.
Your connection to magic feels less subdued.
Your body's shape seems more normal.
Your magic regains its normal vibrancy.
You feel robust.
The small abomination hits you but does no damage.
You slash the small abomination!
The small abomination is moderately damaged.
The small abomination hits you!
You hit the small abomination.
Lightning courses through the small abomination!
You destroy the small abomination!
Makhleb accepts your kill.
You feel better.
No target in view!
No target in view!
No target in view!
No target in view!
No target in view!
No target in view!
No target in view!
No target in view!
No target in view!
A starcursed mass comes into view.
A starcursed mass splits.
A starcursed mass is nearby!
A starcursed mass is nearby!
A starcursed mass is nearby!
As you read the scroll of teleportation {@r2}, it crumbles to dust.
You feel strangely unstable.
You feel the power of the Abyss delaying your translocation!
You hear a distant slurping noise.
Found a potion of curing.
You enter the shallow water.
Moving in this stuff is going to be slow.
k - 3 potions of curing {@q1} (gained 1)
You are suddenly pulled into a different region of the Abyss!
Unknown command.
You feel your health improve.
You now have 491 gold pieces (gained 16).
Found a hand axe.
You see here a hand axe.
A tentacled starspawn assembles itself!
A tentacled starspawn is nearby!
You feel much better.
You hit the tentacled starspawn but do no damage.
The tentacled starspawn bites you!!
The tentacled starspawn closely misses you.
You slash the tentacled starspawn!
The tentacled starspawn is lightly damaged.
The tentacled starspawn bites you! The tentacled starspawn engulfs you!
You hit the tentacled starspawn.
Lightning courses through the tentacled starspawn!
The tentacled starspawn is moderately damaged.
The tentacled starspawn bites you!!
* * * LOW HITPOINT WARNING * * *
The tentacled starspawn engulfs you!
* * * LOW HITPOINT WARNING * * *
You are too injured to fight recklessly!
You are too injured to fight recklessly!
You are too injured to fight recklessly!
You are too injured to fight recklessly!
You are too injured to fight recklessly!
You are too injured to fight recklessly!
You are too injured to fight recklessly!
You fail to use your ability.
The tentacled starspawn bites you!!
You die...

#. # . # . .
# # # # #
### ..#.
#.### .#
##.# .# .
##.#### # ##
##
....###..#.
# . ..
##...#.### .
# #X@...# .#
#..#.#.....#
...#.#
..#.##### #
# #.#..##..#
.
.####..#####
# # .#.. .
.# . # #
.###.###
....## ## #.
# # ## # #
##.#


You could see a tentacled starspawn.

Vanquished Creatures
  Harold (D:8)
  Erica (D:10)
  2 two-headed ogres
  A wretched star (Abyss:1)
  Joseph (D:7)
  Maggie (D:10)
  An ancient zyme (Abyss:1)
  A hornet (D:10)
  Prince Ribbit (D:7)
  Eustachio (D:5)
  A water moccasin (D:10)
  A porcupine (D:10)
  2 sky beasts
  An eye of draining (D:8)
  2 ice beasts
  4 ogres
  2 black bears (D:10)
  3 centaurs
  A small abomination (Abyss:1)
  3 big kobolds
  3 bullfrogs
  2 scorpions (D:6)
  3 killer bees (D:7)
  8 wights
  3 howler monkeys
  2 crimson imps
  2 centaur zombies
  2 jellies
  A quasit (D:10)
  2 orc priests (D:7)
  3 hounds
  Crazy Yiuf (D:7)
  3 bullfrog skeletons
  2 centaur skeletons
  2 gnoll shamans
  An iguana (D:9)
  7 orc wizards
  4 worker ants
  2 worker ant zombies (D:7)
  15 gnolls
  6 adders
  A shadow imp (D:7)
  A white imp (Abyss:1)
  An adder skeleton (D:7)
  2 adder zombies (D:5)
  A worm (D:5)
  3 dart slugs
  4 leopard geckos
  24 orcs
  2 ball pythons (D:1)
  3 bats (D:1)
  A giant cockroach (D:5)
  2 goblins (D:1)
  A hobgoblin (D:1)
  12 jackals
  6 quokkas
  3 frilled lizards
  A jackal zombie (D:7)
  12 kobolds
  A quokka skeleton (D:5)
  2 quokka zombies
  2 rats (D:1)
  3 fungi
  A plant (D:10)
194 creatures vanquished.

Vanquished Creatures (others)
  2 fungi (D:10)
2 creatures vanquished.

Grand Total: 196 creatures vanquished

Notes
Turn   | Place    | Note
-------+----------+-------------------------------------------
     0 | D:1      | EnegeticOcto the Deep Dwarf Fighter began the quest for the
                  | Orb.
     0 | D:1      | Reached XP level 1. HP: 20/20 MP: 1/1
    68 | D:1      | Reached XP level 2. HP: 27/27 MP: 2/2
   238 | D:3      | Reached skill level 1 in Dodging
   238 | D:3      | Reached XP level 3. HP: 28/33 MP: 3/3
   256 | D:4      | Reached skill level 3 in Axes
   264 | D:4      | Reached XP level 4. HP: 29/42 MP: 4/4
   289 | D:4      | Noticed an ogre
   297 | D:4      | Killed an ogre
   297 | D:4      | Reached XP level 5. HP: 21/49 MP: 5/5
   347 | D:4      | Reached skill level 4 in Axes
   366 | D:4      | Found an opulent altar of Gozag.
   391 | D:4      | Noticed an ogre
   403 | D:4      | Killed an ogre
   403 | D:4      | Reached XP level 6. HP: 28/56 MP: 6/6
   636 | D:4      | Reached skill level 5 in Axes
   908 | D:4      | Reached XP level 7. HP: 38/63 MP: 7/7
   935 | D:5      | Entered Level 5 of the Dungeon
   979 | D:5      | Found a sparkling altar of Nemelex Xobeh.
  1034 | D:5      | Found a bloodstained altar of Trog.
  1034 | D:5      | Noticed Eustachio
  1093 | D:5      | Killed Eustachio
  1093 | D:5      | Reached skill level 5 in Armour
  1093 | D:5      | Reached skill level 5 in Shields
  1231 | D:5      | Reached skill level 6 in Axes
  1247 | D:5      | Found a basalt altar of Yredelemnul.
  1431 | D:5      | Found Iheteimy's Jewellery Emporium.
  1490 | D:5      | Reached XP level 8. HP: 73/73 MP: 8/8
  1953 | D:6      | Found a glowing silver altar of Zin.
  2203 | D:6      | Reached skill level 7 in Axes
  2306 | D:7      | Noticed Joseph
  2347 | D:7      | Killed Joseph
  2347 | D:7      | Reached skill level 5 in Fighting
  2358 | D:7      | Found a radiant altar of Vehumet.
  2526 | D:7      | Gained mutation: You passively map the area around you.
                  | [Deep Dwarf growth]
  2526 | D:7      | Reached XP level 9. HP: 55/81 MP: 8/8
  2530 | D:7      | Reached skill level 5 in Dodging
  2597 | D:7      | Reached skill level 8 in Axes
  2598 | D:7      | Noticed Prince Ribbit
  2618 | D:7      | Killed Prince Ribbit
  2631 | D:7      | Found a staircase to the Ecumenical Temple.
  2771 | Temple   | Entered the Ecumenical Temple
  2827 | Temple   | Became a worshipper of Makhleb the Destroyer
  3134 | D:7      | Found a runed translucent door.
  3135 | D:7      | Noticed Crazy Yiuf
  3142 | D:7      | Killed Crazy Yiuf
  3284 | D:8      | Reached skill level 1 in Invocations
  3419 | D:8      | Found a blossoming altar of Fedhas.
  3557 | D:8      | Noticed a two-headed ogre
  3566 | D:8      | HP: 2/81 [two-headed ogre/+0 giant club (11)]
  3573 | D:8      | Killed a two-headed ogre
  3723 | D:8      | Noticed Harold
  3736 | D:8      | Killed Harold
  3736 | D:8      | Reached skill level 9 in Axes
  3736 | D:8      | Reached XP level 10. HP: 89/92 MP: 7/9
  4293 | D:9      | Reached * piety under Makhleb
  4437 | D:9      | Found a glowing silver altar of Zin.
  4483 | D:9      | Found Ushruteci's Armour Emporium.
  4619 | D:9      | Reached skill level 5 in Invocations
  4621 | D:9      | Reached ** piety under Makhleb
  4766 | D:9      | Noticed a two-headed ogre
  4772 | D:9      | Killed a two-headed ogre
  4866 | D:10     | Entered Level 10 of the Dungeon
  4916 | D:10     | Noticed Erica
  4941 | D:10     | Killed Erica
  5065 | D:10     | Reached skill level 10 in Axes
  5086 | D:10     | Found a staircase to the Lair.
  5088 | D:10     | Noticed Maggie
  5102 | D:10     | Killed Maggie
  5103 | D:10     | Noticed Erolcha
  5107 | D:10     | Cast into level 1 of the Abyss (Erolcha)
  5174 | Abyss:1  | Noticed a wretched star
  5197 | Abyss:1  | Killed a wretched star
  5197 | Abyss:1  | Reached XP level 11. HP: 70/70 MP: 11/11
  5250 | Abyss:1  | Noticed a starcursed mass
  5400 | Abyss:1  | Noticed a tentacled starspawn
  5406 | Abyss:1  | Slain by a tentacled starspawn

Levels and vault maps discovered:
D:1:      ebering_hopf_link, layout_rooms
D:2:      layout_basic, first_ration, kennysheep_generic_room_13
D:3:      layout_rooms, lemuel_round_altar, minivault_5,
          hangedman_decor_riveting, minmay_fractal_squares_5, uniq_natasha
D:4:      layout_basic, kennysheep_mini
D:5:      layout_basic, yredelemnul_altar_generic,
          nemelex_xobeh_ov_fountains_minmay, serial_shops, nicolae_shop_stone,
          trog_three_pillars_becter, uniq_eustachio
D:6:      layout_loops_ring, zin_academy, minmay_misc_feat_columns
D:7:      layout_gridville, old_standard_altar, minmay_temple_entry_large_hall,
          eino_tiny_chamber, minivault_5, uniq_crazy_yiuf_cottage,
          uniq_prince_ribbit1, uniq_joseph
D:8:      layout_basic, overflow_temple_1_default, small_statue_alley_b,
          blue_anna_alchemist [blue_anna_fruit_fields, blue_anna_fruit_fields],
          uniq_harold
D:9:      layout_roguey, basic_altar, serial_shops, shop_fountains
D:10:     layout_cave_pods, due_lair_maze_entry_diamond, basic_altar,
          hive_lemuel, uniq_erica, uniq_maggie, uniq_erolcha
Temple:   bh_familiar_temple
Abyss:1:  base:
D:2

Skill      XL: |  1  2  3  4  5  6  7  8  9 10 |
---------------+-------------------------------+-----
Dodging        | 1 2 3 4 6 |  6.9
Fighting       | 3 4 5 6 7 |  7.5
Axes           | 3 4 5 6 7 9 10 | 10.2
Shields        | 4 5 6 7 |  7.8
Armour         | 4 5 6 7 |  7.7
Invocations    | 4 7 |  7.2

Action                   |  1- 3 |  4- 6 |  7- 9 | 10-12 || total
-------------------------+-------+-------+-------+-------++-------
Melee: War axe           |    90 |   108 |   341 |   221 ||   760
 Abil: Heal Wounds       |       |     5 |    18 |     3 ||    26
  Use: Scroll            |       |       |    16 |     4 ||    20
       Potion            |       |       |       |     1 ||     1
  Eat: Chunk             |       |       |     5 |    15 ||    20
       Ration            |       |       |     2 |       ||     2
Armor: Scale mail        |    76 |    49 |    90 |       ||   215
       Chain mail        |       |       |    53 |    71 ||   124
Dodge: Dodged            |    40 |    56 |   141 |    58 ||   295
Block: Kite shield       |    58 |    66 |   235 |    98 ||   457

Table legend:
 A = Non-vault XP
 B = Vault XP
 C = Vault XP percentage of total XP
 D = Non-vault monster count
 E = Vault monster count
 F = Vault count percentage of total count
                 A         B        C        D         E       F
            +---------+---------+-------+---------+---------+-------
      Total |    7606 |    4270 |  36.0 |     176 |      14 |   7.4
            +---------+---------+-------+---------+---------+-------
        D:1 |      25 |       0 |   0.0 |      16 |       0 |   0.0
        D:2 |      10 |       0 |   0.0 |       5 |       0 |   0.0
        D:3 |       6 |       0 |   0.0 |       2 |       0 |   0.0
        D:4 |     733 |       0 |   0.0 |      27 |       0 |   0.0
        D:5 |     480 |     191 |  28.5 |      20 |       1 |   4.8
        D:6 |     630 |       0 |   0.0 |      14 |       0 |   0.0
        D:7 |     723 |     769 |  51.5 |      28 |       3 |   9.7
        D:8 |    1520 |    1073 |  41.4 |      10 |       2 |  16.7
        D:9 |    1720 |       0 |   0.0 |      40 |       0 |   0.0
       D:10 |     550 |    2237 |  80.3 |      10 |       8 |  44.4
    Abyss:1 |    1209 |       0 |   0.0 |       4 |       0 |   0.0
            +---------+---------+-------+---------+---------+-------
